 Dungeon Crawl Stone Soup version 0.24-a0-333-g864f2b5 (webtiles) character file.

Game seed: 7046482192737330527

109 Borgoz the Covered (level 5, -6/54 HPs)
             Began as a Halfling Fighter on May 17, 2019.
             Killed by divine providence
             ... invoked by an orc priest
              (11 damage)
             ... on level 2 of the Dungeon.
             The game lasted 00:03:48 (2019 turns).

Borgoz the Covered (Halfling Fighter)               Turns: 2019, Time: 00:03:49

Health: -6/54      AC: 22    Str: 17    XL:     5   Next: 13%
Magic:  5/5        EV:  3    Int:  6    God:
Gold:   74         SH:  0    Dex: 15    Spells: 4/4 levels left

rFire    . . .     SeeInvis +   a - +0 rapier
rCold    . . .     Gourm    .   (shield restricted)
rNeg     + + +     Faith    .   (armour currently unavailable)
rPois    +         Spirit   .   (helmet currently unavailable)
rElec    .         Reflect  .   (cloak currently unavailable)
rCorr    .         Harm     .   (gloves currently unavailable)
MR       .....     NoTele   +   (boots currently unavailable)
Stlth    ++........             (no amulet)
HPRegen  0.18/turn              h - ring of see invisible
MPRegen  0.09/turn              (no ring)

@: tree-form
A: small, mutation resistance 1
a: no special abilities


You were on level 2 of the Dungeon.
You were hungry.
You were a tree.
You visited 1 branch of the dungeon, and saw 2 of its levels.

You collected 74 gold pieces.

Inventory:

Hand Weapons
 a - a +0 rapier (weapon)
Missiles
 j - 2 throwing nets (quivered)
Armour
 b - a +1 scale mail (melded)
 e - a scarf of cloud immunity (melded)
 i - a +0 helmet (melded)
Jewellery
 h - a ring of see invisible (left branch)
Scrolls
 c - 2 scrolls of remove curse
 g - a scroll of fog {unknown}
 k - a scroll of enchant armour
 l - 2 scrolls of identify {unknown}
Comestibles
 f - 5 rations


   Skills:
 * Level 3.3 Fighting
 * Level 3.6 Short Blades
 * Level 4.0 Armour
 * Level 1.8 Dodging
 + Level 1.2 Stealth
   Level 3.3 Shields


You had 4 spell levels left.
You didn't know any spells.
Your spell library was empty.

Dungeon Overview and Level Annotations

Branches:
Dungeon (2/15)

Altars:


Innate Abilities, Weirdness & Mutations

You are small and have problems with some larger weapons.
You are somewhat resistant to further mutation.


Message History

The orc priest begins to cast a cantrip, but forgets the words!
You hit the goblin.
The goblin is severely wounded.
You closely miss the goblin.
The goblin is severely wounded.
The goblin hits you.
* * * LOW HITPOINT WARNING * * *
You closely miss the goblin.
The goblin is severely wounded.
The goblin hits you but does no damage.
You hit the goblin.
You kill the goblin!
You hit the orc priest.
The orc priest is moderately wounded.
The orc priest hits you but does no damage.
You barely miss the orc priest.
The orc priest is lightly wounded.
The orc priest mumbles some strange prayers to Beogh against you.
Beogh smites you!
You die...

..#.# #.# ..#.# #.#
..#.######.####
..............##
..#.######.##..#
..#......#.###.##
..######.#.# #..#
########.#.# ##.## #
.......#.#.# #.♣# ####..
.......#<#.#####o####......
...........................
....................)......
.......###.######.÷##......
.......# #.# #.............
.......###.#####.#.#.......
...........................
.......................#...


You could see an orc priest.

Vanquished Creatures
  Terence (D:2)
  2 adders (D:2)
  An ooze (D:2)
  A dart slug (D:1)
  3 leopard geckos
  2 orcs (D:2)
  13 bats
  4 goblins
  3 hobgoblins (D:1)
  5 jackals
  7 kobolds
  2 ball pythons (D:1)
  5 frilled lizards
  7 rats
56 creatures vanquished.

Notes
Turn   | Place    | Note
-------+----------+-------------------------------------------
     0 | D:1      | Borgoz the Halfling Fighter began the quest for the Orb.
     0 | D:1      | Reached XP level 1. HP: 15/15 MP: 1/1
    90 | D:1      | Reached XP level 2. HP: 19/20 MP: 2/2
   440 | D:1      | Reached XP level 3. HP: 15/25 MP: 3/3
   495 | D:1      | Reached skill level 1 in Dodging
   935 | D:2      | Reached XP level 4. HP: 18/31 MP: 4/4
  1344 | D:2      | Found a faded altar of an unknown god.
  1539 | D:2      | Noticed Terence
  1558 | D:2      | Killed Terence
  1558 | D:2      | Reached skill level 1 in Stealth
  1984 | D:2      | Reached skill level 4 in Armour
  1987 | D:2      | Reached XP level 5. HP: 36/36 MP: 5/5
  2019 | D:2      | Killed from afar by an orc priest

Levels and vault maps discovered:
D:1:      onia_arrival_pyramid, layout_loops_ring
D:2:      layout_basic, chequers_ecumenical_altar_simple, uniq_terence

Skill      XL: |  1  2  3  4 |
---------------+-------------+-----
Fighting       | 3 |  3.3
Dodging        | 1 |  1.8
Short Blades   | 3 |  3.6
Stealth        | 1 |  1.2
Armour         | 4 |  4.0
Shields        | |  3.3

Action                   |  1- 3 |  4- 6 || total
-------------------------+-------+-------++-------
Melee: Rapier            |   133 |    82 ||   215
Throw: Throwing net      |       |     2 ||     2
  Use: Scroll            |     2 |       ||     2
       Potion            |       |     3 ||     3
  Eat: Chunk             |       |     3 ||     3
Armor: Scale mail        |    61 |    44 ||   105
       Skin              |       |    15 ||    15
Dodge: Dodged            |   103 |    61 ||   164
Block: Shield            |     7 |       ||     7

Table legend:
 A = Non-vault XP
 B = Vault XP
 C = Vault XP percentage of total XP
 D = Non-vault monster count
 E = Vault monster count
 F = Vault count percentage of total count
                 A         B        C        D         E       F
            +---------+---------+-------+---------+---------+-------
      Total |     119 |      38 |  24.2 |      55 |       1 |   1.8
            +---------+---------+-------+---------+---------+-------
        D:1 |      52 |       0 |   0.0 |      32 |       0 |   0.0
        D:2 |      67 |      38 |  36.2 |      23 |       1 |   4.2
            +---------+---------+-------+---------+---------+-------
